 Dungeon Crawl Stone Soup version 0.30-a0-1160-g6e42c06551 (webtiles) character file.

Game seed: 3214265565543027022

2077 lunkers the Zephyrmancer (level 9, 0/61 (67) HPs)
             Began as a Meteoran Air Elementalist on Apr 25, 2023.
             Was a Believer of Uskayaw.
             Slain by a wight
             ... wielding a +5 hand axe
              (9 damage)
             ... on level 7 of the Dungeon.
             The game lasted 00:12:05 (2614 turns).

lunkers the Zephyrmancer (MeAE)                     Turns: 2614, Time: 00:12:06

HP:   0/61 (67)     AC:  6    Str: 10    XL:     9   Next: 80%
MP:   1/22          EV: 13    Int: 22    God:    Uskayaw [**....]
Gold: 261           SH:  0    Dex: 14    Spells: 14/24 levels left

rFire   . . .        b - +2 scimitar
rCold   + . .        (no shield)
rNeg    . . .        e - +2 robe {Will+}
rPois   .            p - +0 helmet
rElec   .            m - +0 cloak
rCorr   .            (no gloves)
SInv    .            (no boots)
Will    ++...        r - amulet of regeneration
Stlth   +            n - ring of flight
HPRegen 1.10/turn    v - ring of protection from cold
MPRegen 0.18/turn

%: no passive effects
@: flying, glowing, drained
A: sense surroundings 2, otherworldly, glowing, explore regen
a: Renounce Religion, Stomp, Line Pass


You were on level 7 of the Dungeon.
You worshipped Uskayaw.
Uskayaw was noncommittal.
You visited 1 branch of the dungeon, and saw 7 of its levels.
You also visited: Sewer.

You collected 261 gold pieces.

Inventory:

Hand Weapons
 a - a +2 flail of draining
 b - a +2 scimitar (weapon)
Missiles
 h - a throwing net
Armour
 e - a +2 robe of willpower (worn)
 m - a +0 cloak (worn)
 p - a +0 helmet (worn)
 q - a +0 robe
Jewellery
 j - an amulet of faith
 n - a ring of flight (left hand)
 r - an amulet of regeneration (around neck)
 u - a +6 ring of strength
 v - a ring of protection from cold (right hand)
Wands
 w - a wand of paralysis (8)
Scrolls
 g - a scroll of poison
 k - 2 scrolls of magic mapping
 o - 2 scrolls of amnesia
 y - a scroll of identify
Potions
 c - 8 potions of curing
 d - 2 potions of haste
 f - 2 potions of berserk rage
 i - a potion of lignification
 l - 8 potions of heal wounds
 s - 2 potions of brilliance
 t - 3 potions of might
 x - 2 potions of mutation
 z - a potion of magic


   Skills:
 + Level 1.7 Fighting
 + Level 3.4 Dodging
 - Level 1.4 Stealth
 + Level 8.1 Spellcasting
 + Level 2.4 Conjurations
 * Level 11.5 Air Magic
 + Level 2.1 Invocations


You had 14 spell levels left.
You knew the following spells:

 Your Spells              Type           Power      Damage    Failure   Level
a - Shock                 Conj/Air       100%       1d9       1%          1
b - Static Discharge      Conj/Air       78%        2-6/arc   1%          2
c - Swiftness             Air            56%        N/A       1%          3
d - Airstrike             Air            28%        2d(4-20)  1%          4

Your spell library contained the following spells:

 Spells                   Type           Power      Damage    Failure   Level


Dungeon Overview and Level Annotations

Branches:
Dungeon (7/15) Zot: 1649   Temple (0/1) D:4           Sewer (visited)

Altars:
Cheibriados
Elyvilon
Uskayaw


Innate Abilities, Weirdness & Mutations

You passively map the area around you.
You are easily found by Zot.
You glow in the dark.
You regain HP and MP as you explore.


Message History

The wight hits you with a +3 long sword.
* * * LOW HITPOINT WARNING * * *
The wight completely misses you. The wight hits you with a +5 hand axe.
* * * LOW HITPOINT WARNING * * *
You feel drained.
* * * LOW HITPOINT WARNING * * *
Unknown command.
Casting: Airstrike (dangerous; 1% risk of failure)
Confirm with . or Enter, or press ? or * to list all spells.
The wight is struck by an arc of lightning.
The wight is lightly damaged.
You are struck by an arc of lightning.
* * * LOW HITPOINT WARNING * * *
The lightning grounds out.
The wight is struck by an arc of lightning.
The wight is lightly damaged.
The wight is struck by an arc of lightning!
The wight is heavily damaged.
You are struck by an arc of lightning.
* * * LOW HITPOINT WARNING * * *
The wight is struck by an arc of lightning.
The wight is moderately damaged.
The lightning grounds out.
* * * LOW MAGIC WARNING * * *
The wight hits you with a +5 hand axe!
* * * LOW HITPOINT WARNING * * *
You feel drained.
* * * LOW HITPOINT WARNING * * *
The wight closely misses you.
You can now pass through a line of other dancers.
Casting: Static Discharge (safe; 1% risk of failure)
Confirm with . or Enter, or press ? or * to list all spells.
The wight is struck by an arc of lightning!
The wight is almost destroyed.
You are struck by an arc of lightning.
* * * LOW HITPOINT WARNING * * *
The lightning grounds out.
* * * LOW MAGIC WARNING * * *
The wight hits you with a +5 hand axe!
You die...

#.....###..#.# .# *
####*#...#.......##.#
...####.............#
##................###
* *
....#####.....[...# *
, .#..# #.......#.#
,** ....# #.#.#.#...#
,,,* ##..#
#.#.#.#...# * ,
##..#####.......@.# *
..........#####.zz# *
####.###.## #...#* *
, #####[#.## #.... ,
#........####*#...##
** * #..###.#.....
....., ,, *,*
#))#............... ,
,
..)....#............,
, #..##..#.#### , * *
* ,


You could see 2 wights.

Vanquished Creatures
  A hornet (D:7)
  A sky beast (D:4)
  2 ice beasts (D:6)
  A black bear (D:6)
  An ogre (D:6)
  2 phantoms (D:4)
  A kobold brigand (D:6)
  A gnoll sergeant (D:7)
  5 scorpions
  2 wights (D:7)
  4 hounds
  2 jellies (D:5)
  An orc priest (D:6)
  2 sleepcaps
  A hell rat (Sewer)
  2 iguanas
  4 orc wizards (D:6)
  Terence (D:3)
  Robin (D:3)
  5 gnolls (D:7)
  6 adders
  3 shadow imps (D:6)
  2 white imps
  An ufetubus (D:5)
  3 worms
  2 dart slugs
  20 orcs
  5 ball pythons
  3 endoplasms
  20 giant cockroaches
  10 goblins
  9 hobgoblins
  A quokka (D:2)
  6 frilled lizards
  10 kobolds
  6 rats
147 creatures vanquished.

Vanquished Creatures (others)
  A demonic plant (D:1)
  A fungus (D:1)
2 creatures vanquished.

Grand Total: 149 creatures vanquished

Notes
Turn   | Place    | Note
-------+----------+-------------------------------------------
     0 | D:1      | lunkers the Meteoran Air Elementalist began the quest for
                  | the Orb.
     0 | D:1      | Reached XP level 1. HP: 14/14 MP: 5/5
   149 | D:1      | Reached XP level 2. HP: 20/20 MP: 2/6
   162 | D:1      | Reached skill level 4 in Air Magic
   313 | D:1      | Found a faded altar of an unknown god.
   325 | D:1      | Prayed at the altar of an unknown god.
   325 | D:1      | Became a worshipper of Uskayaw the Reveller
   325 | D:1      | Reached * piety under Uskayaw
   387 | D:1      | Reached ** piety under Uskayaw
   444 | D:2      | Reached XP level 3. HP: 26/26 MP: 4/8
   473 | D:2      | Learned a level 2 spell: Static Discharge
   477 | D:2      | Learned a level 3 spell: Swiftness
   501 | D:2      | Reached *** piety under Uskayaw
   595 | D:2      | Reached XP level 4. HP: 33/33 MP: 7/10
   637 | D:2      | Reached skill level 5 in Air Magic
   695 | D:3      | Noticed Terence
   707 | D:3      | Killed Terence
   814 | D:3      | Reached XP level 5. HP: 38/38 MP: 8/11
   823 | D:3      | Learned a level 4 spell: Airstrike
   926 | D:3      | Found a white marble altar of Elyvilon.
   928 | D:3      | Noticed Robin
   948 | D:3      | Reached **** piety under Uskayaw
   952 | D:3      | Killed Robin
   953 | D:3      | Reached skill level 6 in Air Magic
  1264 | D:4      | Noticed a phantom
  1268 | D:4      | Killed a phantom
  1269 | D:4      | Reached XP level 6. HP: 45/45 MP: 3/14
  1368 | D:4      | Reached skill level 7 in Air Magic
  1435 | D:4      | Found a glowing drain.
  1449 | Sewer    | Entered a sewer
  1476 | Sewer    | Reached skill level 5 in Spellcasting
  1662 | D:4      | Reached XP level 7. HP: 47/50 MP: 10/15
  1693 | D:4      | Found a staircase to the Ecumenical Temple.
  1825 | D:4      | Reached skill level 8 in Air Magic
  1859 | D:5      | Entered Level 5 of the Dungeon
  1978 | D:5      | Reached XP level 8. HP: 57/57 MP: 5/17
  2014 | D:5      | Found a snail-covered altar of Cheibriados.
  2128 | D:6      | Reached skill level 9 in Air Magic
  2260 | D:6      | Reached skill level 10 in Air Magic
  2264 | D:6      | Reached ***** piety under Uskayaw
  2301 | D:6      | Gained mutation: You passively map the area around you.
                  | [Meteoran growth]
  2301 | D:6      | Reached XP level 9. HP: 30/62 MP: 11/21
  2407 | D:6      | Reached skill level 11 in Air Magic
  2484 | D:7      | Reached skill level 1 in Invocations
  2485 | D:7      | Reached skill level 1 in Fighting
  2556 | D:7      | Noticed a hornet
  2560 | D:7      | Paralysed by a hornet for 2 turns
  2562 | D:7      | Killed a hornet
  2614 | D:7      | Slain by a wight

Illustrated notes

Levels and vault maps discovered:
D:1:      roderic_dead_forest, layout_basic, shapermc_ecumenical_altar_gd
D:2:      minmay_roachtagon, layout_rooms
D:3:      layout_loops_ring, elyvilon_altar_5, kennysheep_generic_room_10,
          uniq_robin, uniq_terence
D:4:      layout_loops_corners, temple_green, cheibrodos_sewer_entry_drain,
          st_stairs_1
D:5:      layout_loops_ring, slow_altar_1, kennysheep_generic_room_7,
          uniq_blork_the_orc
D:6:      layout_rooms, st_stairs_9, chequers_garden
D:7:      layout_loops_cross

Skill      XL: |  1  2  3  4  5  6  7  8  9 |
---------------+----------------------------+-----
Air Magic      | 4 5 6 7 8 10 11 | 11.5
Spellcasting   | 3 4 5 7 8 |  8.1
Invocations    | 2 |  2.1
Fighting       | 1 |  1.7
Dodging        | 3 |  3.4
Conjurations   | 2 |  2.4
Stealth        | |  1.4

Action                     |  1- 3 |  4- 6 |  7- 9 || total
---------------------------+-------+-------+-------++-------
  Melee: Unarmed           |    25 |     4 |       ||    29
         Punch             |     1 |       |       ||     1
         Flail             |       |       |    20 ||    20
         Scimitar          |       |       |     2 ||     2
   Cast: Shock             |    62 |    91 |    13 ||   166
         Airstrike         |       |     2 |    47 ||    49
         Static Discharge  |       |     7 |    36 ||    43
    Use: Scroll            |       |    12 |     4 ||    16
   Stab: Paralysed         |       |       |     2 ||     2
 Armour: Robe              |    10 |     4 |    21 ||    35
  Dodge: Dodged            |    27 |    20 |    40 ||    87

Table legend: (Time is in decaauts)
 A = Elapsed time spent in this place.
 B = Non-inter-level travel time spent in this place.
 C = Inter-level travel time spent in this place.
 D = Time resting spent in this place.
 E = Time spent auto-exploring this place.
 F = Levels seen in this place.
 G = Mean time per level.
                   A        B        C        D        E       F      G
               +--------+--------+--------+--------+--------+-----+--------+
         Total |   2625 |   2538 |     87 |      0 |   1536 |   8 |  328.1 |
       Dungeon |   2549 |   2462 |     87 |      0 |   1510 |   7 |  364.1 |
         Sewer |     76 |     76 |      0 |      0 |     26 |   1 |   76.0 |
               +--------+--------+--------+--------+--------+-----+--------+

Top non-repeatable levels by time:
     D:3: 573 daAuts
     D:4: 541 daAuts
     D:1: 410 daAuts
     D:6: 354 daAuts
     D:2: 263 daAuts
     D:5: 230 daAuts
     D:7: 175 daAuts
   Sewer: 76 daAuts
